AoeStats
← KangourouGarou

Four Lakes

509622789Analyzed
1v1 RM · 3d ago on Sep 27, 2026· 51m 22s· 2 players
Game mode
Random Map
Map size
Tiny (2 player)
Population
200
Speed
Normal
Resources
Standard
Victory
Conquest
Starting age
Dark Age
Ending age
Imperial Age
RankedLock teamsTeams togetherTeam positionsShared explorationLock speedFull tech treeHidden civsTurbo modeCheats
Victory
Defeat
🇫🇷 Danes · France
712
+29
🇳🇱 Spanish · Netherlands
715
-16
KangourouGarou
9:13 Feudal Age
10:09 Double-Bit Axe
10:45 Fishing Lines
12:40 Loom
14:49 Wheelbarrow
14:18 Gold Mining
15:54 Stone Mining
18:24 Fletching
18:55 Forging
18:46 Scale Mail Armor
22:12 Castle Age
21:01 Arson
23:45 Hand Cart
24:26 Gold Shaft Mining
23:48 Gillnets
23:58 Gambesons
24:47 Bow Saw
25:02 Squires
26:49 Elite Skirmisher
28:19 Iron Casting
29:48 Chain Mail Armor
31:11 Horse Collar
31:55 Hamask
35:09 Imperial Age
34:33 Heavy Plow
37:04 Blast Furnace
36:21 Elite Varangian Guard
37:39 Conscription
37:40 Fletching
38:32 Bodkin Arrow
39:11 Plate Mail Armor
38:40 Bodkin Arrow
38:39 Elite Jomsviking
klry
7:47 Loom
10:24 Feudal Age
12:42 Double-Bit Axe
16:30 Castle Age
14:39 Horse Collar
18:15 Husbandry
19:19 Forging
21:16 Gold Mining
21:16 Stone Mining
23:10 Bow Saw
24:55 Stone Mining
25:42 Heavy Plow
28:44 Iron Casting
28:02 Fletching
28:19 Scale Barding Armor
33:37 Wheelbarrow
36:19 Imperial Age
35:35 Stone Shaft Mining
37:01 Ballistics
36:41 Murder Holes
37:51 Hand Cart
38:46 Chemistry
38:44 Bodkin Arrow
39:24 Iron Casting
39:10 Chain Barding Armor
39:21 Masonry
39:21 Fortified Wall
39:00 Arrowslits
40:34 Conscription
Connection lost

Rejoining the realm…

Still unreachable

The connection could not be restored.

Session expired

The server has moved on; the page needs a fresh start.